 Dungeon Crawl Stone Soup version 0.29-a0-96-g93358da72b (webtiles) character file.

Game seed: 18070325714668614439

81 Tef the Gusty (level 4, -1/24 HPs)
             Began as a Tengu Air Elementalist on Feb 12, 2022.
             Frozen to death by an endoplasm (3 damage)
             ... on level 3 of the Dungeon.
             The game lasted 00:08:57 (2762 turns).

Tef the Gusty (Tengu Air Elementalist)              Turns: 2762, Time: 00:08:58

Health: -1/24      AC:  2    Str:  8    XL:     4   Next: 40%
Magic:  8/8        EV: 13    Int: 18    God:
Gold:   55         SH:  0    Dex: 14    Spells: 7/8 levels left

rFire   . . .      SeeInvis .   (no weapon)
rCold   . . .      Faith    .   (no shield)
rNeg    . . .      Spirit   .   a - +0 robe
rPois   .          Reflect  .   (helmet restricted)
rElec   .          Harm     .   (no cloak)
rCorr   .          Rampage  .   (no gloves)
Will    .....                   (boots unavailable)
Stlth   ++........              (no amulet)
HPRegen 0.08/turn               (no ring)
MPRegen 0.11/turn               (no ring)

@: weak-willed, on berserk cooldown, flying (expiring), slowed, very slow
A: beak, talons 3
a: no special abilities


You were on level 3 of the Dungeon.
You visited 1 branch of the dungeon, and saw 4 of its levels.

You collected 55 gold pieces.

Inventory:

Armour
 a - a +0 robe (worn)
Jewellery
 d - an amulet of the acrobat
Wands
 o - a wand of flame (13)
Scrolls
 b - a scroll of identify {unknown}
 g - a scroll of teleportation {unknown}
 h - a scroll of silence {unknown}
 m - a scroll of enchant weapon {unknown}
 n - a scroll of fog {unknown}
Potions
 f - a potion of flight
 k - a potion of curing
 p - a potion of lignification {unknown}


   Skills:
 + Level 3.0 Dodging
 + Level 2.7 Stealth
 + Level 2.5 Spellcasting
 + Level 2.7 Conjurations
 + Level 4.6 Air Magic


You had 7 spell levels left.
You knew the following spells:

 Your Spells              Type           Power      Damage    Failure   Level
a - Shock                 Conj/Air       60%        1d6       3%          1

Your spell library contained the following spells:

 Spells                   Type           Power      Damage    Failure   Level
 Static Discharge         Conj/Air       15%        N/A       6%          2
 Swiftness                Air            18%        N/A       8%          3
 Airstrike                Air            9%         N/A       26%         4


Dungeon Overview and Level Annotations

Branches:
Dungeon (4/15)
 Temple: D:4-7

Altars:

Shops:
D:4 ((


Innate Abilities, Weirdness & Mutations

You have a beak for a mouth.
You have claws for feet.


Message History

Aiming: Shock (safe; 3% risk of failure)
Press: ? - help, Shift-Dir - straight line, f - endoplasm
Aim: an endoplasm (lightly wounded, 98% to hit)
The zap misses the endoplasm.
The endoplasm freezes you.
You are frozen.
The endoplasm hits you but does no damage.
The endoplasm freezes you.
You are frozen.
* * * LOW HITPOINT WARNING * * *
Casting: Shock (safe; 3% risk of failure)
Confirm with . or Enter, or press ? or * to list all spells.
Aiming: Shock (safe; 3% risk of failure)
Press: ? - help, Shift-Dir - straight line, f/p - endoplasm
Aim: an endoplasm (98% to hit)
Okay, then.
You are starting to lose your buoyancy.
It was a potion of berserk rage.
A red film seems to cover your vision as you go berserk!
You feel yourself moving faster!
You feel mighty! The endoplasm freezes you.
You are frozen.
* * * LOW HITPOINT WARNING * * *
You are too berserk!
You feel a strong urge to attack something.
You feel your anger nearly subside.
You are no longer berserk.
You are exhausted.
You feel yourself slow down.
As you read the scroll labelled XADOETU WIEQIF, it crumbles to dust.
You speak a Word of immense power!
It was a scroll of holy word.
As you read the scroll labelled REINEHIWKI, it crumbles to dust.
Magic quickly surges around you.
It was a scroll of vulnerability.
The endoplasm closely misses you. The endoplasm hits you.
* * * LOW HITPOINT WARNING * * *
As you read the scroll labelled ZOFADD UTTOI, it crumbles to dust.
You hear a loud clanging noise!
It was a scroll of noise.
The endoplasm freezes you.
You are frozen.
You die...

### ### #.. ..#
#.#####.#
.######.......#
...........##.# #
######.##.##.####.#
#.##.....J@..# ##
#...>...###### .#
#.......# .#
######### .# .# .#
.# .#


You could see an endoplasm (weak-willed).

Vanquished Creatures
  2 adders
  A worm (D:2)
  A dart slug (D:2)
  2 orcs
  4 ball pythons
  3 endoplasms (D:2)
  2 giant cockroaches
  5 goblins
  4 hobgoblins
  3 kobolds
  4 quokkas
  9 bats
  10 frilled lizards
  8 rats
58 creatures vanquished.

Vanquished Creatures (others)
  4 plants (D:2)
4 creatures vanquished.

Grand Total: 62 creatures vanquished

Notes
Turn   | Place    | Note
-------+----------+-------------------------------------------
     0 | D:1      | Tef the Tengu Air Elementalist began the quest for the Orb.
     0 | D:1      | Reached XP level 1. HP: 10/10 MP: 4/4
    49 | D:1      | Found a faded altar of an unknown god.
   173 | D:1      | Reached XP level 2. HP: 15/15 MP: 0/6
   886 | D:1      | Reached XP level 3. HP: 19/19 MP: 4/7
  1874 | D:2      | Reached XP level 4. HP: 24/24 MP: 4/8
  2697 | D:4      | Found Usied's Weapon Boutique.
  2728 | D:4      | Found Bipilisu's Weapon Boutique.
  2762 | D:3      | Frozen to death by an endoplasm

Illustrated notes

Levels and vault maps discovered:
D:1:      lemuel_arrival_river_ford, layout_basic,
          hellmonk_ecumenical_altar_arch_garden, minmay_misc_feat_tiny
D:2:      layout_basic, minmay_lizard_king
D:3:      layout_loops_cross, gammafunk_ghost_nasty_kobolds,
          kennysheep_generic_room_4, uniq_robin
D:4:      layout_cave_pools, lemuel_temple_firewalk_a, serial_shops,
          nicolae_shop_hallway_plus, nicolae_shop_bloodbath_and_beyond,
          abandoned_shop, uniq_edmund

Skill      XL: |  1  2  3  4 |
---------------+-------------+-----
Conjurations   | 2 |  2.7
Dodging        | 3 |  3.0
Stealth        | |  2.7
Spellcasting   | |  2.5
Air Magic      | |  4.6

Action                   |  1- 3 |  4- 6 || total
-------------------------+-------+-------++-------
Melee: Unarmed           |       |     5 ||     5
       Kick              |       |     1 ||     1
 Cast: Shock             |    87 |    38 ||   125
  Use: Scroll            |     1 |     3 ||     4
       Potion            |       |     4 ||     4
Armor: Robe              |     5 |    10 ||    15
Dodge: Dodged            |     6 |    15 ||    21

Table legend: (Time is in decaauts)
 A = Elapsed time spent in this place.
 B = Non-inter-level travel time spent in this place.
 C = Inter-level travel time spent in this place.
 D = Time resting spent in this place.
 E = Time spent auto-exploring this place.
 F = Levels seen in this place.
 G = Mean time per level.
                   A        B        C        D        E       F      G
               +--------+--------+--------+--------+--------+-----+--------+
         Total |   2765 |   2732 |     33 |    460 |   1930 |   4 |  691.2 |
       Dungeon |   2765 |   2732 |     33 |    460 |   1930 |   4 |  691.2 |
               +--------+--------+--------+--------+--------+-----+--------+

Top non-repeatable levels by time:
     D:2: 1201 daAuts
     D:1: 1147 daAuts
     D:3: 371 daAuts
     D:4: 45 daAuts
